 Dungeon Crawl Stone Soup version 0.25.1-2-g60ff931df9 (webtiles) character file.

Game seed: 12359439147040567737

7561 hawla the Carver (level 10, -4/88 HPs)
             Began as a Minotaur Gladiator on Nov 2, 2020.
             Was an Initiate of Gozag.
             Slain by a five-headed hydra (10 damage)
             ... on level 9 of the Dungeon.
             The game lasted 00:42:29 (11991 turns).

hawla the Carver (Minotaur Gladiator)              Turns: 11991, Time: 00:42:31

Health: -4/88      AC:  6    Str: 29    XL:     10   Next: 96%
Magic:  0/20       EV: 18    Int:  7    God:    Gozag
Gold:   1046       SH:  0    Dex: 12    Spells: 8/11 levels left

rFire    + . .     SeeInvis +   N - +2 dagger (speed)
rCold    . . .     Gourm    .   (no shield)
rNeg     + . .     Faith    .   B - +1 robe "Pivar" {rCorr Str+3 SInv}
rPois    .         Spirit   +   (helmet unavailable)
rElec    .         Reflect  .   q - +1 cloak of Kur Anaq {MP+9 Str+4}
rCorr    +         Harm     .   (no gloves)
MR       .....                  g - +0 pair of boots
Stlth    +.........             d - amulet of guardian spirit
HPRegen  0.24/turn              M - ring of protection from fire
MPRegen  0.17/turn              t - ring of positive energy

@: confused, gold aura
A: retaliatory headbutt, horns 3, clever 1, deterioration 1, mutation resistance
1
a: Potion Petition, Call Merchant, Bribe Branch, Renounce Religion


You were on level 9 of the Dungeon.
You worshipped Gozag.
Gozag was most pleased with you.
You were hungry.

You visited 2 branches of the dungeon, and saw 10 of its levels.
You also visited: Sewer.

You collected 1208 gold pieces.
You paid 162 gold pieces to Gozag.

Inventory:

Hand Weapons
 C - a +1 dagger of holy wrath
 E - a +0 scimitar
 N - a +2 dagger of speed (weapon)
Missiles
 h - 3 javelins
 l - 3 poisoned darts (quivered)
 w - a throwing net
 H - 2 curare-tipped darts
Armour
 a - the +1 leather armour "Oroeses" {rElec rF- Int+3 Dex+3}
   (You found it on level 8 of the Dungeon)

   It affects your intelligence (+3).
   It affects your dexterity (+3).
   It makes you vulnerable to fire.
   It insulates you from electricity.
 c - a +1 hat
 g - a +0 pair of boots (worn)
 q - the +1 cloak of Kur Anaq (worn) {MP+9 Str+4}
   (You found it on level 4 of the Dungeon)

   It affects your strength (+4).
   It affects your magic capacity (+9).
 u - +0 steam dragon scales
 B - the +1 robe "Pivar" (worn) {rCorr Str+3 SInv}
   (You found it on level 5 of the Dungeon)

   It affects your strength (+3).
   It lets you see invisible.
   It provides partial protection from all sources of acid and corrosion.
Jewellery
 d - an amulet of guardian spirit (around neck)
 s - an uncursed ring of flight
 t - a ring of positive energy (right hand)
 M - a ring of protection from fire (left hand)
Wands
 b - a wand of random effects (21)
 i - a wand of flame (27)
 n - a wand of iceblast (22)
 D - a wand of clouds (1)
 J - a wand of enslavement (11)
Scrolls
 k - 4 scrolls of remove curse
 m - 2 scrolls of fog
 r - 3 scrolls of teleportation
 v - a scroll of enchant armour
 x - 7 scrolls of identify
 y - 2 scrolls of enchant weapon
 A - 3 scrolls of magic mapping
 G - a scroll of amnesia {unknown}
 K - a scroll of torment {unknown}
Potions
 e - a potion of lignification
 j - 6 potions of brilliance
 o - a potion of cancellation
 p - a potion of haste
 z - a potion of resistance
 F - a potion of might
 L - a potion of stabbing
Comestibles
 f - 19 rations


   Skills:
 + Level 8.1 Fighting
 + Level 5.9(8.9) Short Blades
 + Level 11.1(11.8) Long Blades
 + Level 4.2 Throwing
 + Level 3.4 Armour
 * Level 11.0 Dodging
 - Level 2.5 Stealth
 * Level 1.3 Spellcasting
 + Level 0.1 Translocations
 + Level 0.2 Evocations


You had 8 spell levels left.
You knew the following spells:

 Your Spells              Type           Power        Failure   Level  Hunger
a - Apportation           Tloc           #.....       36%         1    ##.....
b - Blink                 Tloc           N/A          52%         2    ###....

Your spell library contained the following spells:

 Spells                   Type           Power        Failure   Level  Hunger
 Animate Skeleton         Necr           N/A          38%         1    ##.....
 Corona                   Hex            #......      38%         1    ##.....
 Summon Small Mammal      Summ           #...         38%         1    ##.....
 Shroud of Golubria       Chrm/Tloc      #.....       52%         2    ###....
 Lesser Beckoning         Tloc           #.........   75%         3    ####...
 Borgnjor's Vile Clutch   Necr/Erth      #.........   100%        5    ######.
 Iron Shot                Conj/Erth      #.........   100%        6    #######


Dungeon Overview and Level Annotations

Branches:
Dungeon (9/15)             Temple (1/1) D:7            Lair (0/6) D:8
  Sewer (visited)
    Orc: D:9-12

Altars:
Cheibriados
Elyvilon
Fedhas
Gozag
Kikubaaqudgha
Nemelex Xobeh
Okawaru
Qazlal
Uskayaw
Vehumet
Wu Jian
Zin

Shops:
D:6 :

Annotations:
D:4 2 runed translucent doors, ew1980's ghost, amateur MiFi
D:6 3 runed translucent doors, Kamikaze's ghost, novice GrFi
D:9 1 runed translucent door, Morgon's ghost, journeyman CeBe


Innate Abilities, Weirdness & Mutations

You reflexively headbutt those who attack you in melee.
You have a pair of large horns on your head.
Your mind is acute. (Int +2)
Your body sometimes deteriorates upon taking damage.
You are somewhat resistant to further mutation.


Message History

The five-headed hydra misses you.
You hit the five-headed hydra.
The five-headed hydra is almost dead.
You hit the five-headed hydra.
The five-headed hydra is almost dead.
You're too confused to move!
The five-headed hydra barely misses you.
The five-headed hydra bites you!
* * * LOW HITPOINT WARNING * * *
The five-headed hydra completely misses you.
The five-headed hydra closely misses you.
The five-headed hydra bites you!
* * * LOW HITPOINT WARNING * * *
You hit the five-headed hydra.
The five-headed hydra is almost dead.
The five-headed hydra bites you!
* * * LOW HITPOINT WARNING * * *
The five-headed hydra bites you!
You die...
Your body crumbles into a pile of gold.

....# #...........###..#......
....# #.........###.#(##...[##
....# #.......###[#.#.##....#.
....######....####.#.#.#.##....#.
)............###.........(#....#.
............##..##.#.#.#.##....#.
..(.......###..#'###.#.#(##....#.
........###..###.# ###)#)##....#.
......###..### #@# ###).#....#.
....###..### #.D# ####....##
..###))### ###Wl #...... ..'..###
s#|. #.....# ..###..# Z ##
#.....# ....###..# ## #.....#
......###..# #.....# ........###.
#.....# .###......### #.....#


You could see a five-headed hydra, a hungry ghost, a wyvern, a scorpion and an
adder skeleton.

Vanquished Creatures
  A two-headed ogre (D:5)
  Pikel (D:9)
  Maurice (D:8)
  Maggie (D:7)
  2 hornets (D:8)
  2 trolls (D:7)
  A hippogriff (D:8)
  5 yaks (D:9)
  A hungry ghost (D:8)
  4 ice beasts
  3 orc warriors
  2 necrophages
  3 ogres
  2 phantoms
  4 centaurs
  2 big kobolds
  4 bullfrogs
  A wyvern zombie (D:7)
  A wyvern skeleton (D:6)
  A scorpion (D:5)
  5 killer bees (D:8)
  9 wights
  3 crimson imps
  A centaur zombie (D:7)
  A bullfrog zombie (D:8)
  Crazy Yiuf (D:7)
  A bullfrog skeleton (D:8)
  3 hounds
  9 orc wizards
  4 orc priests
  3 jellies
  4 iguanas
  Terence (D:3)
  7 worker ants
  A hound skeleton (D:7)
  A howler monkey zombie (D:8)
  7 gnolls
  9 adders
  2 shadow imps
  6 oozes
  2 adder skeletons
  9 worms
  3 dart slugs
  8 leopard geckos
  25 orcs
  4 ball pythons
  11 giant cockroaches
  10 goblins
  7 hobgoblins
  4 jackals (Sewer)
  23 kobolds
  3 quokkas
  19 bats
  7 frilled lizards
  A giant cockroach zombie (D:6)
  A leopard gecko zombie (D:9)
  2 quokka zombies (D:6)
  12 rats
271 creatures vanquished.

Vanquished Creatures (others)
  2 slaves (D:9)
  A black bear (D:9)
  An adder skeleton (D:9)
  An orc (D:9)
5 creatures vanquished.

Grand Total: 276 creatures vanquished

Notes
Turn   | Place    | Note
-------+----------+-------------------------------------------
     0 | D:1      | hawla the Minotaur Gladiator began the quest for the Orb.
     0 | D:1      | Reached XP level 1. HP: 18/18 MP: 0/0
   196 | D:1      | Reached XP level 2. HP: 25/25 MP: 1/1
  1085 | D:2      | Noticed an ogre
  1096 | D:2      | Killed an ogre
  1096 | D:2      | Reached skill level 1 in Armour
  1096 | D:2      | Reached XP level 3. HP: 4/31 MP: 2/2
  1096 | D:2      | Reached XP level 4. HP: 5/38 MP: 3/3
  1360 | D:2      | Reached XP level 5. HP: 45/45 MP: 4/4
  1465 | D:2      | Reached skill level 5 in Long Blades
  1579 | D:2      | Found a stormy altar of Qazlal.
  1875 | D:3      | Reached skill level 5 in Dodging
  1980 | D:3      | Noticed Terence
  1992 | D:3      | Killed Terence
  2487 | D:3      | Found a hide-covered altar of Uskayaw.
  2620 | D:3      | Reached skill level 1 in Short Blades
  2620 | D:3      | Reached XP level 6. HP: 45/51 MP: 3/5
  2989 | D:3      | Found a white marble altar of Elyvilon.
  2989 | D:3      | Found an iron altar of Okawaru.
  3207 | D:4      | Got a dazzling cloak
  3330 | D:4      | Found a large runed translucent door.
  3332 | D:4      | Found a large runed translucent door.
  3604 | D:4      | Noticed ew1980's ghost (amateur MiFi)
  3990 | D:4      | Found a sparkling altar of Nemelex Xobeh.
  3991 | D:4      | Found a snail-covered altar of Cheibriados.
  4081 | D:4      | Identified the +1 cloak of Kur Anaq {MP+9 Str+4} (You found
                  | it on level 4 of the Dungeon)
  4105 | D:5      | Entered Level 5 of the Dungeon
  4279 | D:5      | Reached XP level 7. HP: 46/58 MP: 6/6
  4424 | D:5      | Found a blossoming altar of Fedhas.
  4432 | D:5      | Got a heavily jewelled robe
  4516 | D:5      | Found a glowing drain.
  4563 | Sewer    | Entered a sewer
  4748 | Sewer    | Reached skill level 1 in Stealth
  5353 | D:5      | Noticed a two-headed ogre
  5362 | D:5      | Killed a two-headed ogre
  5362 | D:5      | Reached skill level 5 in Fighting
  5362 | D:5      | Reached XP level 8. HP: 24/68 MP: 4/7
  5702 | D:5      | Identified the +1 robe "Pivar" {rCorr Str+3 SInv} (You
                  | found it on level 5 of the Dungeon)
  5884 | D:6      | Found a runed translucent gate.
  5884 | D:6      | Found a runed translucent gate.
  5884 | D:6      | Found a runed translucent gate.
  5885 | D:6      | Found the +3 giant club "Skullcrusher" {speed, Str+7}
  5885 | D:6      | Noticed Kamikaze's ghost (novice GrFi)
  5912 | D:6      | Found a snail-covered altar of Cheibriados.
  6419 | D:6      | Found Raskem's Book Shop.
  6419 | D:6      | You fall into a shaft and drop 2 floors!
  6638 | D:8      | Reached XP level 9. HP: 45/74 MP: 8/8
  6969 | D:8      | Found a glowing silver altar of Zin.
  7167 | D:7      | Found a radiant altar of Vehumet.
  7258 | D:7      | Found a hide-covered altar of Uskayaw.
  7377 | D:7      | Found a staircase to the Ecumenical Temple.
  7402 | Temple   | Entered the Ecumenical Temple
  7419 | Temple   | Became a worshipper of Gozag Ym Sagoz the Greedy
  7695 | D:7      | Found a runed translucent door.
  7696 | D:7      | Noticed Crazy Yiuf
  7883 | D:6      | Identified Sif Muna's Volume of the Mountains and
                  | Displacement
  8520 | D:7      | Noticed Maggie
  8536 | D:7      | Killed Maggie
  8536 | D:7      | Reached skill level 5 in Short Blades
  8600 | D:7      | Noticed a troll
  8608 | D:7      | Killed a troll
  8711 | D:7      | Noticed a troll
  8737 | D:7      | Killed a troll
  8737 | D:7      | Reached XP level 10. HP: 14/84 MP: 4/9
  9517 | D:7      | Killed Crazy Yiuf
  9687 | D:8      | Found a staircase to the Lair.
 10046 | D:8      | Reached skill level 10 in Dodging
 10088 | D:8      | Reached skill level 10 in Long Blades
 10208 | D:8      | Paralysed by a hornet for 1 turns
 10230 | D:8      | Gained mutation: Your mind is acute. (Int +2) [potion of
                  | mutation]
 10230 | D:8      | Gained mutation: You have a pair of large horns on your
                  | head. [potion of mutation]
 10230 | D:8      | Gained mutation: Your body sometimes deteriorates upon
                  | taking damage. [potion of mutation]
 10230 | D:8      | Gained mutation: You are somewhat resistant to further
                  | mutation. [potion of mutation]
 10614 | D:8      | Noticed Maurice
 10623 | D:8      | Killed Maurice
 10724 | D:8      | Got a scorched leather armour
 10735 | D:8      | Identified the cursed +1 leather armour "Oroeses" {rElec
                  | rF- Int+3 Dex+3} (You found it on level 8 of the Dungeon)
 10768 | D:8      | Learned a level 1 spell: Apportation
 10771 | D:8      | Learned a level 2 spell: Blink
 11006 | D:9      | Noticed Pikel
 11021 | D:9      | Killed Pikel
 11141 | D:9      | Reached skill level 1 in Spellcasting
 11418 | D:9      | Found a runed translucent door.
 11418 | D:9      | Noticed Morgon's ghost (journeyman CeBe)
 11744 | D:9      | Found a snail-covered altar of Cheibriados.
 11961 | D:9      | Noticed a five-headed hydra
 11962 | D:9      | Found the +8 lance "Wyrmbane" {slay drac, rPois rF+ rC+
                  | AC+3}
 11991 | D:9      | Slain by a five-headed hydra

Illustrated notes

Levels and vault maps discovered:
D:1:      sevenhm_arrival_forest_fort_small_4, layout_basic, wad_woods_river_04,
          minmay_split_cup_small
D:2:      layout_basic, marbit_many_paths, first_ration
D:3:      layout_basic, lemuel_doored_altar, gammafunk_temple_overflow_elements,
          uniq_terence
D:4:      kennysheep_the_goblin_king, layout_basic,
          gammafunk_temple_overflow_statue, ebering_ghost_disaster_area,
          minmay_misc_feat_columns
D:5:      layout_basic, lemuel_coloured_pillars_altar, portal_sewer_entry_f
D:6:      layout_basic, basic_altar, serial_shops, shop,
          gammafunk_ghost_necromancy
D:7:      kennysheep_big_flooded_room, layout_basic, vehumet_altar_wand_db,
          minmay_temple_entry_statues_fountains, basic_altar,
          uniq_crazy_yiuf_cottage, uniq_maggie
D:8:      layout_cave_pools, nicolae_overflow_crystal_walls, lair_entry_dummy,
          hangedman_pestilent_swarm, uniq_maurice
D:9:      minmay_the_grid_triangle_9x9_recursive_2
          [minmay_the_grid_triangle_9x9_prize_center,
          minmay_the_grid_triangle_9x9_skeleton,
          minmay_the_grid_triangle_9x9_descending_squares,
          minmay_the_grid_triangle_9x9_thin_v], layout_irregular_city,
          basic_altar, hellmonk_ghost_happy_afterlife, uniq_pikel
Temple:   oiseaux_autumnal_temple

Skill      XL: |  1  2  3  4  5  6  7  8  9 10 |
---------------+-------------------------------+-----
Long Blades    | 4 5 6 8 9 11 | 11.1
Fighting       | 3 5 6 8 |  8.1
Armour         | 1 2 3 |  3.4
Dodging        | 4 5 6 7 9 11 | 11.0
Short Blades   | 1 2 3 4 5 |  5.9
Stealth        | 1 2 |  2.5
Throwing       | 3 4 |  4.2
Spellcasting   | 1 |  1.3
Translocations | |  0.1
Evocations     | |  0.2

Action                   |  1- 3 |  4- 6 |  7- 9 | 10-12 || total
-------------------------+-------+-------+-------+-------++-------
Melee: Long sword        |    38 |    59 |   143 |     5 ||   245
       Headbutt          |     4 |    40 |    68 |    64 ||   176
       Dagger            |       |   138 |   154 |   111 ||   403
       Scimitar          |       |       |       |    96 ||    96
Throw: Throwing net      |     3 |     2 |       |       ||     5
       Dart              |       |     7 |     6 |     8 ||    21
       Javelin           |       |     2 |     7 |     1 ||    10
 Cast: Apportation       |       |       |       |     1 ||     1
       Blink             |       |       |       |     1 ||     1
 Abil: Stop Flying       |       |       |     1 |       ||     1
       Evoke Flight      |       |       |     1 |       ||     1
  Use: Potion            |     1 |     1 |     8 |     2 ||    12
       Scroll            |       |    12 |     7 |     4 ||    23
 Stab: Sleeping          |       |       |    10 |     1 ||    11
       Invisible         |       |       |     1 |       ||     1
       Distracted        |       |       |       |     1 ||     1
  Eat: Chunk             |       |    10 |    14 |       ||    24
       Ration            |       |       |     2 |     2 ||     4
Armor: Leather armour    |     8 |    38 |    13 |       ||    59
       Skin              |       |       |    64 |       ||    64
       Robe              |       |       |    31 |    24 ||    55
Dodge: Dodged            |    30 |   123 |   209 |   120 ||   482
       Rpst.: Long sword |     7 |    11 |    30 |       ||    48
       Scimitar          |       |       |       |    18 ||    18
